 Dungeon Crawl Stone Soup version 0.21.1-1-g345015f (webtiles) character file.

168 kabkan the Poker (level 5, -3/47 HPs)
             Began as a Minotaur Berserker on June 6, 2018.
             Was a Believer of Trog.
             Slain by DarkSoldi3r's ghost (5 damage)
             ... on level 5 of the Dungeon.
             The game lasted 00:15:42 (2018 turns).

kabkan the Poker (Minotaur Berserker)               Turns: 2018, Time: 00:15:42

Health: -3/47      AC:  5    Str: 21    XL:     5   Next: 24%
Magic:  4/4        EV: 12    Int:  4    God:    Trog [**....]
Gold:   68         SH:  0    Dex: 11    Spells: 4/4 levels left

rFire    . . .     SeeInvis .   p - +3 hunting sling
rCold    . . .     Gourm    .   (no shield)
rNeg     . . .     Faith    .   e - +0 ring mail
rPois    .         Spirit   .   (helmet restricted)
rElec    .         Reflect  .   (no cloak)
rCorr    .         Harm     .   (no gloves)
MR       .....                  (no boots)
Stlth    +.........             (no amulet)
HPRegen  0.15/turn              (no ring)
MPRegen  0.09/turn              (no ring)

@: no status effects
A: retaliatory headbutt, horns 2
a: Berserk, Trog's Hand, Burn Spellbooks, Renounce Religion


You were on level 5 of the Dungeon.
You worshipped Trog.
Trog was pleased with you.
You were hungry.

You visited 1 branch of the dungeon, and saw 4 of its levels.

You collected 68 gold pieces.

Inventory:

Hand Weapons
 a - a +0 spear
 c - a +0 quarterstaff
 d - a +0 club
 h - a +0 club
 j - a +0 club
 k - a +0 dagger
 l - a +0 dagger
 m - a +0 dagger
 n - a +0 hunting sling
 p - a +3 hunting sling (weapon)
 q - a cursed -3 spear
 t - a +0 spear
 w - a +0 short sword
 x - a +0 dagger
 z - a +0 hand axe
Missiles
 i - 8 needles of sleeping
 o - 61 stones (quivered)
 r - 11 bolts
Armour
 b - a +0 animal skin
 e - a +0 ring mail (worn)
 g - a +0 ring mail
 v - a +0 robe
Scrolls
 f - a scroll of teleportation {hello baby, unknown}
 s - a scroll of identify {unknown}
 y - 2 scrolls of remove curse {unknown}
Potions
 u - a potion of ambrosia {unknown}


   Skills:
 + Level 4.8 Fighting
 + Level 4.8 Polearms
 + Level 2.1 Slings
 + Level 2.8 Armour
 + Level 3.2 Dodging
 + Level 0.1 Stealth


You had 4 spell levels left.
You didn't know any spells.

Dungeon Overview and Level Annotations

Branches:
Dungeon (3/15)

Altars:
Ru

Annotations:
D:5 DarkSoldi3r's ghost, amateur HOFi


Innate Abilities, Weirdness & Mutations

You reflexively headbutt those who attack you in melee.
You have a pair of horns on your head.


Message History

DarkSoldi3r's ghost barely misses you. You furiously retaliate!
You headbutt DarkSoldi3r's ghost!
Unknown command.
Firing (i - inventory):
o - 63 stones (quivered)
Press: ? - help, Shift-Dir - straight line, f/p - DarkSoldi3r's ghost
Aim: DarkSoldi3r's ghost (almost destroyed)
You shoot a stone.
The stone barely misses DarkSoldi3r's ghost.
DarkSoldi3r's ghost hits you!
* * * LOW HITPOINT WARNING * * *
Unknown command.
Unknown command.
Firing (i - inventory):
o - 62 stones (quivered)
Press: ? - help, Shift-Dir - straight line, f/p - DarkSoldi3r's ghost
Aim: DarkSoldi3r's ghost (almost destroyed)
You shoot a stone.
The stone hits DarkSoldi3r's ghost but does no damage.
DarkSoldi3r's ghost is almost destroyed.
DarkSoldi3r's ghost hits you.
You die...

.(. ... ###### ..# ###
.....# #.## ...# .....#
#$.# >..##...<... .....#
#..# #.....###... .....#
#%.# ###W..# #....
.....# #..# #..@..##....
.....# #..# #..#......#
####.# #..#
#....#....#..# #
#.#########...#.........
# #................####
##.########......# ###
#..# #...>.## #..#
#...#..# #..# #..###.##


You could see DarkSoldi3r's ghost.

Vanquished Creatures
  An orc priest (D:5)
  A worker ant (D:5)
  4 gnolls (D:2)
  An adder (D:2)
  An adder skeleton (D:5)
  A dart slug (D:1)
  A leopard gecko (D:2)
  3 orcs (D:5)
  A ball python (D:1)
  7 bats
  A giant cockroach (D:2)
  21 goblins
  6 hobgoblins (D:2)
  3 kobolds
  A frilled lizard (D:2)
  A leopard gecko zombie (D:5)
  3 rats
57 creatures vanquished.

Notes
Turn   | Place    | Note
-------+----------+-------------------------------------------
     0 | D:1      | kabkan the Minotaur Berserker began the quest for the Orb.
     0 | D:1      | Reached XP level 1. HP: 19/19 MP: 0/0
   214 | D:1      | Reached XP level 2. HP: 20/27 MP: 1/1
   427 | D:2      | Reached ** piety under Trog
   434 | D:2      | Reached XP level 3. HP: 26/33 MP: 2/2
  1388 | D:2      | Reached XP level 4. HP: 41/41 MP: 3/3
  1447 | D:2      | Found a sacrificial altar of Ru.
  1677 | D:3      | You fall through a shaft for 2 floors!
  1677 | D:5      | Entered Level 5 of the Dungeon
  1694 | D:5      | Reached skill level 1 in Slings
  1945 | D:5      | Reached XP level 5. HP: 47/47 MP: 4/4
  1998 | D:5      | Noticed DarkSoldi3r's ghost (amateur HOFi)
  2017 | D:5      | HP: 2/47 [DarkSoldi3r's ghost (11)]
  2018 | D:5      | Slain by DarkSoldi3r's ghost

Skill      XL: |  1  2  3  4  5 |
---------------+----------------+-----
Fighting       | 4 |  4.8
Polearms       | 4 |  4.8
Dodging        | 3 |  3.2
Slings         | 1 2 |  2.1
Armour         | |  2.8
Stealth        | |  0.1

Action                   |  1- 3 |  4- 6 || total
-------------------------+-------+-------++-------
Melee: Spear             |    73 |       ||    73
       Headbutt          |     8 |     3 ||    11
       Hunting sling     |     7 |     6 ||    13
 Fire: Hunting sling     |     7 |    44 ||    51
Invok: Berserk           |     1 |       ||     1
  Use: Potion            |     1 |     1 ||     2
  Eat: Ration            |     1 |       ||     1
Armor: Animal skin       |    34 |       ||    34
       Ring mail         |     6 |    14 ||    20
Dodge: Dodged            |    86 |    16 ||   102
